[Event "ETCC Open 2013"]
[Site "Warsaw"]
[Date "2013.11.10"]
[Round "3"]
[White "Aronian, Levon"]
[Black "Ragger, Markus"]
[Result "1/2-1/2"]
[ECO "D70"]
[WhiteElo "2801"]
[BlackElo "2672"]
[PlyCount "115"]
[EventDate "2013.??.??"]
[EventCountry "POL"]
[WhiteTeam "Armenia"]
[BlackTeam "Austria"]
[WhiteTeamCountry "ARM"]
[BlackTeamCountry "AUT"]
[TimeControl "40/5400+30:1800+30"]

1. d4 Nf6 2. c4 g6 3. Nf3 Bg7 4. g3 d5 5. cxd5 Nxd5 6. Bg2 Nb6 7. Nc3 Nc6 8.
e3 O-O 9. O-O Re8 10. Nh4 Bd7 11. f4 a5 12. Ne4 Nd5 13. Nf2 e6 14. e4 Nb6 15. Nf3 a4 16. e5 Ne7 17. Ne4 Bc6 18. Re1 Ned5 19. Qe2 Nd7 20.
a3 f5 21. exf6 N5xf6 22. Nc3 Nd5 23. Bh3 Nxc3 24. bxc3 Bd5 25. Ng5 Nf8 26. Be3 b5 27. Bf2 Rb8 28. Rab1 Bc4 29. Qb2 Bd5 30. Re3 h6 31. Nf3 Nd7 32. Qc2 Qf6 33. Bf1 c6 34. Rbe1 g5 35. f5 Qf7 36. c4 bxc4 37.
fxe6 Rxe6 38. Nxg5 Qg6 39. Qxg6 Rxg6 40. Ne6 Bh8 41. Nf4 Rd6 42. Re8+ Rxe8 43. Rxe8+ Nf8 44. Rc8 Bg7 45. Be3 Bf7 46. Kf2 Bxd4 47. Bxd4 Rxd4 48. Rxc6 Rd2+ 49. Ke3 Ra2 50. Bxc4 Rxa3+ 51. Ke4 Bxc4 52. Rxc4 Ra1 53. Kf5 a3 54. Ra4 a2 55. Ra7 Ne6 56. h4 Nxf4 57.
gxf4 h5 58. Ke4 1/2-1/2

[Event "ETCC Open 2013"]
[Site "Warsaw"]
[Date "2013.11.10"]
[Round "3"]
[White "Rasmussen, Allan Stig"]
[Black "Teterev, Vitaly"]
[Result "0-1"]
[ECO "D22"]
[WhiteElo "2486"]
[BlackElo "2501"]
[PlyCount "136"]
[EventDate "2013.??.??"]
[EventCountry "POL"]
[WhiteTeam "Denmark"]
[BlackTeam "Belarus"]
[WhiteTeamCountry "DEN"]
[BlackTeamCountry "BLR"]
[TimeControl "40/5400+30:1800+30"]

1. d4 d5 2. c4 dxc4 3. Nf3 a6 4. e3 b5 5. a4 Bb7 6. b3 e6 7. axb5 axb5 8. Rxa8 Bxa8 9. bxc4 bxc4 10. Qa4+ Nd7 11. Bxc4 Ngf6 12. Bb5 Bxf3 13. gxf3 Be7 14. Bc6 O-O 15. f4 Nd5 16. Bd2 N7f6 17. f3 Nb6 18. Qb5 Ne8 19. Qb3 Nd6 20.
Na3 Nf5 21. Nb5 Nd6 22. Ke2 Nbc4 23. Bc3 Nb6 24. Ra1 Nxb5 25.
Qxb5 Bd6 26. Be1 h6 27. h4 f5 28. Qb3 Qf6 29. Ra5 Kh7 30. Qa2 Qe7 31. Rb5 Nd7 32. Rb7 Nf6 33. Bb5 Nh5 34. Bd3 Qf6 35. Kf1 Kh8 36. Bc4 Re8 37. Ra7 Kh7 38. Ra8 Rxa8 39. Qxa8 g6 40. Qc8 Ng7 41. Ke2 Qe7 42.
Kd3 h5 43. Bb3 Qf6 44. Kc4 Qe7 45. Kb5 Ba3 46. Ka4 Bc1 47. Bb4 Qe8+ 48. Qxe8 Nxe8 49. e4 Ng7 50. Kb5 Bxf4 51. Kc6 g5 52. Be1 g4 53. Bf2 Bh2 54. fxg4 hxg4 55. exf5 exf5 56. Be3 Kg6 57. Bg5 f4 58. Bc2+ Kh5 59. Bb3 Kg6 60. Bc2+ Kf7 61. Bb3+ Ke8 62. Bf6 Nf5 63. h5 f3 64. Bd5 Bf4 65. Be4 f2 66. Bd3 g3 67. Bf1 Ne3 68. Bd3 g2 0-1

[Event "ETCC Open 2013"]
[Site "Warsaw"]
[Date "2013.11.10"]
[Round "3"]
[White "Nyback, Tomi"]
[Black "Rusev, Krasimir"]
[Result "0-1"]
[ECO "E46"]
[WhiteElo "2586"]
[BlackElo "2539"]
[PlyCount "81"]
[EventDate "2013.??.??"]
[EventCountry "POL"]
[WhiteTeam "Finland"]
[BlackTeam "Bulgaria"]
[WhiteTeamCountry "FIN"]
[BlackTeamCountry "BUL"]
[TimeControl "40/5400+30:1800+30"]

1. d4 Nf6 2. c4 e6 3. Nc3 Bb4 4. e3 O-O 5. Nge2 c6 6. a3 Ba5 7. Ng3 d5 8.
cxd5 exd5 9. Bd3 Re8 10. O-O Nbd7 11. f3 c5 12. Nb5 Bb6 13. Nd6 Re6 14. Nxc8 Rxc8 15. Bf5 Re8 16. Ne2 Rc7 17. Kh1 Nb8 18. dxc5 Bxc5 19. e4 g6 20. Bh3 dxe4 21. Qxd8 Rxd8 22. Bg5 Be7 23. Nc3 exf3 24. Rxf3 Nd5 25. Bxe7 Rxe7 26. Rd1 Nc6 27. g3 Nxc3 28. Rxd8+ Nxd8 29. bxc3 Re1+ 30. Kg2 Nc6 31. Rd3 Ne5 32. Rd8+ Kg7 33. Rb8 Rb1 34. Bc8 Rb2+ 35. Kf1 b6 36. Rb7 Rb3 37. Rxa7 Rxc3 38. Be6 Rc1+ 39. Ke2 Rc2+ 40. Ke3 Rxh2 41. Kd4 0-1

[Event "ETCC Women 2013"]
[Site "Warsaw"]
[Date "2013.11.10"]
[Round "3"]
[White "Gaponenko, Inna"]
[Black "Collas, Silvia"]
[Result "1/2-1/2"]
[ECO "C47"]
[WhiteElo "2402"]
[BlackElo "2292"]
[PlyCount "80"]
[EventDate "2013.??.??"]
[EventCountry "POL"]
[WhiteTeam "Ukraine"]
[BlackTeam "France"]
[WhiteTeamCountry "UKR"]
[BlackTeamCountry "FRA"]
[TimeControl "40/5400+30:1800+30"]

1. e4 e5 2. Nf3 Nc6 3. Nc3 Nf6 4. d4 exd4 5. Nxd4 Bb4 6. Nxc6 bxc6 7. Bd3 d5 8. exd5 O-O 9. O-O cxd5 10. h3 Re8 11. Qf3 Rb8 12. Bf4 d4 13.
Ne4 Nxe4 14. Bxe4 Bd6 15. Bxd6 Qxd6 16. Rfe1 Bd7 17. Bd5 Be6 18. Bxe6 Rxe6 19. b3 c5 20. Rxe6 Qxe6 21. c3 h6 22. Rd1 Rd8 23.
Qd3 Rd5 24. cxd4 Rxd4 25. Qc2 Rxd1+ 26. Qxd1 c4 27. bxc4 Qxc4 28. a4 a6 29. g3 g6 30. h4 h5 31. Qd8+ Kg7 32. a5 Qe2 33.
Qd4+ Kg8 34. Qd8+ Kg7 35. Qd4+ Kg8 36. Qd8+ Kg7 37. Qd4+ Kg8 38. Qd8+ Kg7 39. Qd4+ Kg8 40. Qd8+ Kg7 1/2-1/2

[Event "ETCC Women 2013"]
[Site "Warsaw"]
[Date "2013.11.10"]
[Round "3"]
[White "Maisuradze, Nino"]
[Black "Muzychuk, Mariya"]
[Result "0-1"]
[ECO "A40"]
[WhiteElo "2302"]
[BlackElo "2491"]
[PlyCount "56"]
[EventDate "2013.??.??"]
[EventCountry "POL"]
[WhiteTeam "France"]
[BlackTeam "Ukraine"]
[WhiteTeamCountry "FRA"]
[BlackTeamCountry "UKR"]
[TimeControl "40/5400+30:1800+30"]

1. d4 e6 2. c4 f5 3. Nf3 Nf6 4. g3 g6 5. Bg2 Bg7 6. Nc3 d6 7. O-O O-O 8. Re1 Ne4 9. Qc2 Nxc3 10. bxc3 e5 11. e4 f4 12. c5 Nc6 13. Qb3+ Kh8 14. cxd6 cxd6 15. dxe5 Nxe5 16. Nxe5 dxe5 17. Ba3 Rf6 18. Rad1 Qc7 19. Qb5 Bg4 20. f3 a6 21. Qd5 Be6 22. Qd6 Qxc3 23. Bb4 Qc4 24. a3 a5 25.
Bxa5 Bf8 26. Qxe5 Qc5+ 27. Qxc5 Bxc5+ 28. Kh1 Rxa5 0-1

[Event "ETCC Women 2013"]
[Site "Warsaw"]
[Date "2013.11.10"]
[Round "3"]
[White "Sebag, Marie"]
[Black "Lagno, Kateryna"]
[Result "1/2-1/2"]
[ECO "C07"]
[WhiteElo "2510"]
[BlackElo "2542"]
[PlyCount "93"]
[EventDate "2013.??.??"]
[EventCountry "POL"]
[WhiteTeam "France"]
[BlackTeam "Ukraine"]
[WhiteTeamCountry "FRA"]
[BlackTeamCountry "UKR"]
[TimeControl "40/5400+30:1800+30"]

1. e4 e6 2. d4 d5 3. Nd2 c5 4. Ngf3 cxd4 5. Nxd4 Nf6 6. exd5 Qxd5 7. Nb5 Na6 8. Nc3 Qd6 9. Bc4 Be7 10. O-O O-O 11. Qe2 Nb4 12. Nf3 a6 13.
a3 b5 14. Bb3 Nbd5 15. Nxd5 Nxd5 16. a4 b4 17. a5 Bb7 18. Ne5 Rfd8 19. Re1 Rac8 20. h3 Bf6 21. Qe4 Qb8 22. Nd3 Ne7 23. Qg4 Rd4 24. Qe2 Nf5 25. Be3 Re4 26. Qd2 Qa8 27. Rad1 Rh4 28. f4 Nxe3 29. Qxe3 Bxg2 30. Nf2 Bxh3 31. Ne4 Bf5 32. Rd7 Bxb2 33. Qb6 Bxe4 34. Rxe4 Rh1+ 35. Kf2 Bc3 36. Rb7 Rf8 37. f5 Rh5 38. fxe6 Rb5 39. e7 Rxb6 40.
exf8=Q+ Qxf8 41. axb6 Qc5+ 42. Re3 Qf5+ 43. Kg2 Qg4+ 44. Kf2 Qf4+ 45. Kg2 Qg4+ 46. Kf2 Qf4+ 47. Kg2 1/2-1/2

[Event "ETCC Women 2013"]
[Site "Warsaw"]
[Date "2013.11.10"]
[Round "3"]
[White "Ushenina, Anna"]
[Black "Milliet, Sophie"]
[Result "1-0"]
[ECO "E32"]
[WhiteElo "2492"]
[BlackElo "2383"]
[PlyCount "61"]
[EventDate "2013.??.??"]
[EventCountry "POL"]
[WhiteTeam "Ukraine"]
[BlackTeam "France"]
[WhiteTeamCountry "UKR"]
[BlackTeamCountry "FRA"]
[TimeControl "40/5400+30:1800+30"]

1. d4 Nf6 2. c4 e6 3. Nc3 Bb4 4. Qc2 O-O 5. e4 d5 6. e5 Ne4 7. Bd3 c5 8. Nf3 cxd4 9. Nxd4 Nd7 10. Bf4 Qh4 11. g3 Qh5 12. h4 f6 13. cxd5 fxe5 14. Nxe6 Ndc5 15. Bxe4 Bxe6 16. dxe6 exf4 17. O-O Bxc3 18.
bxc3 Rae8 19. Rad1 b6 20. Rd5 Qh6 21. Re1 fxg3 22. fxg3 Kh8 23. Bf5 Qf6 24. Rde5 g6
25. Bh3 Re7 26. R5e3 Rfe8 27. Qe2 Qg7 28. Qb5 Qg8 29. a4 Nxe6 30. Qb3 Ng5 31.
Qxg8+ 1-0

[Event "ETCC Women 2013"]
[Site "Warsaw"]
[Date "2013.11.10"]
[Round "3"]
[White "Abdulla, Khayala"]
[Black "Matnadze, Ana"]
[Result "1/2-1/2"]
[ECO "B12"]
[WhiteElo "2255"]
[BlackElo "2373"]
[PlyCount "98"]
[EventDate "2013.??.??"]
[EventCountry "POL"]
[WhiteTeam "Azerbaijan"]
[BlackTeam "Spain"]
[WhiteTeamCountry "AZE"]
[BlackTeamCountry "ESP"]
[TimeControl "40/5400+30:1800+30"]

1. e4 c6 2. d4 g6 3. Nc3 Bg7 4. Nf3 d5 5. h3 dxe4 6. Nxe4 Nf6 7. Bd3 Nxe4 8.
Bxe4 O-O 9. O-O Nd7 10. c3 c5 11. Bg5 cxd4 12. Nxd4 Nf6 13. Bf3 Qa5 14. Qc1 e5 15. Nb3 Qc7 16. Qe3 Bf5 17. Qc5 Rfc8 18. Qxc7 Rxc7 19. Rfe1 Nd7 20. Rad1 a5 21. Rd5 a4 22. Ra5 Rxa5 23. Nxa5 a3 24. Bc1 axb2 25. Bxb2 Nc5 26. Rd1 Nd3 27. g4 Nxb2 28. Rd8+ Bf8 29. gxf5 gxf5 30. Bxb7 Kg7 31. Bc6 Bc5 32. Bb5 Bb6 33. Rd2 Bxa5 34. Rxb2 Rxc3 35. Kg2 f4 36. f3 Rc1 37. Bd3 Rd1 38. Be4 Bc3 39. Rc2 Bd4 40. Kh2 h6 41. Rg2+ Kf6 42. Rc2 Bg1+ 43. Kg2 Be3 44. Kh2 h5 45.
h4 Bg1+ 46. Kg2 Be3 47. Kh2 Bg1+ 48. Kg2 Be3 49. Kh2 Bg1+ 1/2-1/2

[Event "ETCC Women 2013"]
[Site "Warsaw"]
[Date "2013.11.10"]
[Round "3"]
[White "Arabidze, Meri"]
[Black "Vasiliev, Olga"]
[Result "0-1"]
[ECO "E63"]
[WhiteElo "2374"]
[BlackElo "2282"]
[PlyCount "114"]
[EventDate "2013.??.??"]
[EventCountry "POL"]
[WhiteTeam "Georgia"]
[BlackTeam "Israel"]
[WhiteTeamCountry "GEO"]
[BlackTeamCountry "ISR"]
[TimeControl "40/5400+30:1800+30"]

1. d4 Nf6 2. c4 g6 3. g3 Bg7 4. Bg2 O-O 5. Nc3 d6 6. Nf3 Nc6 7. O-O a6 8. Re1 Rb8 9. Rb1 b5 10. cxb5 axb5 11. b4 e5 12. d5 Nd4 13. Bb2 Nxf3+ 14. Bxf3 Bf5 15. e4 Bd7 16. Bg2 h5 17. Bc1 Qc8 18. Qe2 Ng4 19. Bd2 f5 20.
exf5 Bxf5 21. Rbc1 Qb7 22. h3 Nf6 23. Bg5 Rf7 24. Qd2 Rbf8 25.
Bf1 Nh7 26. Be3 Nf6 27. Bg5 Nh7 28. Be3 Nf6 29. Qd1 Kh8 30. Qb3 Ne4 31. Nxb5 Bxh3 32. Bxh3 Qxb5 33. Rc2 Qb7 34. a4 Rb8 35. a5 g5 36. Bg2 Nf6 37. Bxg5 Ng4 38. Rb1 Qb5 39. Bf1 Qd7 40. Be3 Qf5 41. Rbc1 h4 42. Bh3 hxg3 43. fxg3 Qf3 44. Bxg4 Qxg4 45. Rh2+ Kg8 46. Bf2 Rxb4 47. Qc2 e4 48. Qc6 Rb8 49. Qc4 Rb2 50. Rf1 Qf3 51. a6 e3 52.
a7 exf2+ 53. Rhxf2 Qxg3+ 54. Kh1 Rfxf2 55. a8=Q+ Bf8 56. Rxf2 Rxf2 57. Qxf8+ Kxf8 0-1

[Event "ETCC Women 2013"]
[Site "Warsaw"]
[Date "2013.11.10"]
[Round "3"]
[White "Botsari, Anna-Maria"]
[Black "Schut, Lisa"]
[Result "1-0"]
[ECO "D70"]
[WhiteElo "2338"]
[BlackElo "2333"]
[PlyCount "69"]
[EventDate "2013.??.??"]
[EventCountry "POL"]
[WhiteTeam "Greece"]
[BlackTeam "Netherlands"]
[WhiteTeamCountry "GRE"]
[BlackTeamCountry "NED"]
[TimeControl "40/5400+30:1800+30"]

1. d4 Nf6 2. c4 g6 3. Nf3 Bg7 4. e3 d5 5. cxd5 Nxd5 6. Be2 O-O 7. e4 Nb6 8.
O-O Bg4 9. Nbd2 a5 10. h3 Bd7 11. a4 Na6 12. Nc4 Nxc4 13. Bxc4 Nb4 14. Bg5 c5 15. d5 Bxb2 16. d6 Bf6 17. dxe7 Bxe7 18. Bh6 Qc7 19. Bxf8 Rxf8 20. Qb3 Bc6 21. Rfe1 Bf6 22. Rad1 Kh8 23. Rd2 b6 24. e5 Bg7 25. Ng5 Be8 26. e6 Qe7 27. Nf3 fxe6 28. Rxe6 Qc7 29. Rde2 Bc6 30. Ne5 Bxe5 31. R6xe5 Qd7 32. Re7 Qd4 33. Qg3 Nd5 34. Bxd5 Qxd5 35. Rd2 1-0

[Event "ETCC Women 2013"]
[Site "Warsaw"]
[Date "2013.11.10"]
[Round "3"]
[White "Chevannes, Sabrina L"]
[Black "Havlikova, Kristyna"]
[Result "0-1"]
[ECO "D72"]
[WhiteElo "2200"]
[BlackElo "2237"]
[PlyCount "80"]
[EventDate "2013.??.??"]
[EventCountry "POL"]
[WhiteTeam "England"]
[BlackTeam "Czech Republic"]
[WhiteTeamCountry "ENG"]
[BlackTeamCountry "CZE"]
[TimeControl "40/5400+30:1800+30"]

1. d4 Nf6 2. c4 g6 3. g3 d5 4. cxd5 Nxd5 5. Bg2 Bg7 6. e4 Nb6 7. Ne2 O-O 8. O-O Bg4 9. Nbc3 Qd7 10. Re1 Nc6 11. d5 Ne5 12. Rf1 Rfd8 13.
f3 Bh3 14. Qc2 Bxg2 15. Kxg2 c6 16. Rd1 cxd5 17. Nxd5 Nxd5 18.
Rxd5 Qc6 19. Rc5 Qa6 20. Nf4 e6 21. Be3 Nc6 22. Qf2 Rd7 23. a3 Rad8 24. Re1 Bd4 25. Bxd4 Rxd4 26. Rc2 Qa4 27. Kg1 Ne5 28. Rc3 Rd2 29. Re2 Qd1+ 30. Qf1 Rxe2 31. Nxe2 Qd2 32. f4 Nc6 33. Rf3 Qxb2 34. f5 Ne5 35. Rf4 Qb6+ 36. Kh1 g5 37. f6 gxf4 38. Qxf4 Qb1+ 39. Kg2 Ng6 40. Qg4 Rd2 0-1

[Event "ETCC Women 2013"]
[Site "Warsaw"]
[Date "2013.11.10"]
[Round "3"]
[White "Cmilyte, Viktorija"]
[Black "Zozulia, Anna"]
[Result "1-0"]
[ECO "D71"]
[WhiteElo "2506"]
[BlackElo "2334"]
[PlyCount "125"]
[EventDate "2013.??.??"]
[EventCountry "POL"]
[WhiteTeam "Lithuania"]
[BlackTeam "Belgium"]
[WhiteTeamCountry "LTU"]
[BlackTeamCountry "BEL"]
[TimeControl "40/5400+30:1800+30"]

1. d4 Nf6 2. c4 g6 3. g3 Bg7 4. Bg2 O-O 5. Nc3 d6 6. Nf3 c6 7. O-O Nbd7 8. e4 e5 9. b3 Re8 10. Be3 exd4 11. Nxd4 Nc5 12. f3 a5 13. Qc2 Qc7 14. Rad1 Bd7 15.
Nde2 Rad8 16. Rd2 Bc8 17. Rfd1 h6 18. h3 Kh7 19. Kh1 Rd7 20.
a3 Rdd8 21. b4 axb4 22. axb4 Na6 23. Qb3 Bf8 24. Bd4 Bg7 25. Nf4 Be6 26. Nxe6 fxe6 27. Bf2 Nh5 28. b5 Bxc3 29. Qxc3 cxb5 30. Bf1 b4 31. Qb2 Rf8 32. Kg2 Qe7 33. e5 dxe5 34. Rxd8 Rxd8 35. Rxd8 Qxd8 36. Qxe5 Qg5 37. Qd6 b3 38. Qd7+ Ng7 39. Qxb7 Nc5 40. Qb4 Nh5 41. Bxc5 Qxg3+ 42. Kh1 Qxf3+ 43. Bg2 Qd1+ 44. Kh2 Qd3 45. Qb7+ Kg8 46. Qb8+ Kh7 47. Qe5 Qxc4 48. Bd4 Kg8 49. Qh8+ Kf7 50. Qh7+ Kf8 51. Qxh6+ Ke7 52. Qh7+ Kf8 53. Be5 Qc5 54. Qh8+ Kf7 55. Qb8 Qc2 56. Qb5 Qf5 57. Qd7+ Kf8 58. Bd6+ Kg8 59. Qc8+ Kh7 60. Qc7+ Kh6 61. Qb8 Qc2 62. h4 Kh7 63. Be5 1-0

[Event "ETCC Women 2013"]
[Site "Warsaw"]
[Date "2013.11.10"]
[Round "3"]
[White "Danielian, Elina"]
[Black "Worek, Joanna"]
[Result "1-0"]
[ECO "A46"]
[WhiteElo "2457"]
[BlackElo "2336"]
[PlyCount "83"]
[EventDate "2013.??.??"]
[EventCountry "POL"]
[WhiteTeam "Armenia"]
[BlackTeam "Poland"]
[WhiteTeamCountry "ARM"]
[BlackTeamCountry "POL"]
[TimeControl "40/5400+30:1800+30"]

1. d4 Nf6 2. Nf3 e6 3. e3 d5 4. c4 Be7 5. Bd3 O-O 6. O-O b6 7. b3 Bb7 8. Bb2 c5 9. dxc5 dxc4 10. Bxc4 Qxd1 11. Rxd1 Bxc5 12. Nbd2 Nbd7 13. Be2 Rfd8 14. Ne1 Rac8 15. Nc4 Nd5 16. Nd3 Bf8 17. e4 N5f6 18. f3 Ba6 19. Ne1 Nb8 20. Kf1 Nc6 21. Rxd8 Rxd8 22. Rc1 Bc5 23. Nd3 Bd4 24. Bxd4 Nxd4 25. Nb4 Nxe2 26. Kxe2 Bb7 27. Ne5 Ne8 28. Nbc6 Ra8 29. Rd1 f6 30. Ne7+ Kf8 31. N5c6 a5 32. Rd7 Ba6+ 33. Ke3 Bb5 34. a4 Bxc6 35. Nxc6 Rc8 36. Nd4 e5 37. Ne6+ Kg8 38. Kd3 g6 39. f4 exf4 40.
Nxf4 Rc7 41. Rxc7 Nxc7 42. Kc4 1-0

[Event "ETCC Women 2013"]
[Site "Warsaw"]
[Date "2013.11.10"]
[Round "3"]
[White "Dierckens, Sarah"]
[Black "Batkovskyte, Dominyka"]
[Result "0-1"]
[ECO "B07"]
[WhiteElo "1872"]
[BlackElo "2111"]
[PlyCount "66"]
[EventDate "2013.??.??"]
[EventCountry "POL"]
[WhiteTeam "Belgium"]
[BlackTeam "Lithuania"]
[WhiteTeamCountry "BEL"]
[BlackTeamCountry "LTU"]
[TimeControl "40/5400+30:1800+30"]

1. e4 d6 2. d4 Nf6 3. Nc3 c6 4. f4 Qa5 5. Bd3 e5 6. dxe5 dxe5 7. f5 Bc5 8.
Bd2 Qd8 9. Qe2 Nbd7 10. g4 h5 11. g5 Ng4 12. Nh3 b5 13. O-O-O Qb6 14. Rhf1 Ne3 15. Bxe3 Bxe3+ 16. Kb1 Bb7 17. g6 f6 18. Bxb5 Bd4 19. Qc4 O-O-O 20. Rf3 Nc5 21. Qe2 cxb5 22. b4 Na4 23. Nxb5 a6 24. Qc4+ Kb8 25. Nxd4 exd4 26. Kc1 Bxe4 27. Rf2 Nc3 28. Re1 Bd5 29. Qd3 Nxa2+ 30. Kd1 Nc3+ 31. Kd2 Qxb4 32. Qxa6 Ne4+ 33. Kc1 Qxe1+ 0-1

[Event "ETCC Women 2013"]
[Site "Warsaw"]
[Date "2013.11.10"]
[Round "3"]
[White "Dolzhikova, Olga"]
[Black "Sedina, Elena"]
[Result "1-0"]
[ECO "C02"]
[WhiteElo "2198"]
[BlackElo "2302"]
[PlyCount "63"]
[EventDate "2013.??.??"]
[EventCountry "POL"]
[WhiteTeam "Norway"]
[BlackTeam "Italy"]
[WhiteTeamCountry "NOR"]
[BlackTeamCountry "ITA"]
[TimeControl "40/5400+30:1800+30"]

1. e4 c5 2. c3 e6 3. d4 d5 4. e5 Nc6 5. Nf3 Bd7 6. a3 f6 7. Bd3 Qc7 8. O-O c4 9. Bc2 fxe5 10. Nxe5 Nxe5 11. dxe5 Ne7 12. Re1 O-O-O 13. Be3 Nc6 14. Bd4 g6 15. Nd2 Nxd4 16. cxd4 Qb6 17. b3 Qxd4 18. bxc4 Bh6 19. Ne4 Qxe5 20. Nc5 Qd6 21. Nxd7 Rxd7 22. Qg4 d4 23. Rxe6 Qf4 24. Qh3 Rf8 25. Rf1 Kc7 26. Be4 Rdf7 27. Qb3 Kb8 28. Bf3 Qc7 29. Rfe1 Rc8 30. Re8 Bf4 31. c5 Bxh2+ 32. Kh1 1-0

[Event "ETCC Women 2013"]
[Site "Warsaw"]
[Date "2013.11.10"]
[Round "3"]
[White "Dworakowska, Joanna"]
[Black "Mkrtchian, Lilit"]
[Result "0-1"]
[ECO "B17"]
[WhiteElo "2326"]
[BlackElo "2447"]
[PlyCount "114"]
[EventDate "2013.??.??"]
[EventCountry "POL"]
[WhiteTeam "Poland"]
[BlackTeam "Armenia"]
[WhiteTeamCountry "POL"]
[BlackTeamCountry "ARM"]
[TimeControl "40/5400+30:1800+30"]

1. e4 c6 2. d4 d5 3. Nc3 dxe4 4. Nxe4 Nd7 5. Nf3 Ngf6 6. Nc3 e6 7. g3 b6 8. Bg2 Ba6 9. Ne2 Be7 10. O-O O-O 11. Re1 Rc8 12. Nf4 Nd5 13.
c3 Bd6 14. Ne5 Bxe5 15. dxe5 Qc7 16. Nxd5 cxd5 17. Bf4 Nc5 18.
Re3 Kh8 19. h4 Rfd8 20. h5 h6 21. g4 Qe7 22. Rh3 Ne4 23. Be3 Ng5 24. Rg3 Ne4 25. Rh3 Ng5 26. Rh2 Qc7 27. f4 Ne4 28. Bf3 Nc5 29. Rd2 Qe7 30.
Rg2 f6 31. exf6 Qxf6 32. g5 hxg5 33. fxg5 Qe5 34. Bd4 Qf4 35. Be2 Bb7 36. Qf1 Qc7 37. h6 e5 38. Rh2 Rf8 39. Qh3 g6 40. Bf2 Kh7 41. Rf1 Qe7 42.
Qe3 Ne4 43. Bh4 Rxf1+ 44. Bxf1 Rf8 45. Bd3 Rf4 46. Bxe4 Rxe4 47. Qf2 Rf4 48. Qe1 Ba6 49. Bf2 Qxg5+ 50. Rg2 Qf5 51. Qd2 Bb7 52. Rg3 d4 53. cxd4 Rh4 54. d5 Bxd5 55. Kf1 Rh1+ 56. Rg1 Bc4+ 57. Kg2 Qh3# 0-1

[Event "ETCC Women 2013"]
[Site "Warsaw"]
[Date "2013.11.10"]
[Round "3"]
[White "Efroimski, Marsel"]
[Black "Dzagnidze, Nana"]
[Result "0-1"]
[ECO "B43"]
[WhiteElo "2313"]
[BlackElo "2556"]
[PlyCount "62"]
[EventDate "2013.??.??"]
[EventCountry "POL"]
[WhiteTeam "Israel"]
[BlackTeam "Georgia"]
[WhiteTeamCountry "ISR"]
[BlackTeamCountry "GEO"]
[TimeControl "40/5400+30:1800+30"]

1. e4 c5 2. Nf3 e6 3. d4 cxd4 4. Nxd4 a6 5. Nc3 Qc7 6. Be2 Nf6 7. O-O Be7 8.
a4 d6 9. Be3 Nbd7 10. f4 b6 11. f5 e5 12. Nb3 Bb7 13. Bf3 Rc8 14. Nd2 O-O 15. Qe1 Rfe8 16. g4 h6 17. h4 d5 18. exd5 e4 19. Bd1 Bb4 20.
Bf4 Qd8 21. g5 Bxc3 22. bxc3 Nxd5 23. gxh6 Nxf4 24. Rxf4 Qf6 25.
h7+ Kh8 26. Nf1 Rxc3 27. Rb1 Qe5 28. Qd2 Bc6 29. Ne3 Nf6 30. Rf2 Qg3+ 31. Ng2 e3 0-1

[Event "ETCC Women 2013"]
[Site "Warsaw"]
[Date "2013.11.10"]
[Round "3"]
[White "Fakhiridou, Ekaterini"]
[Black "Lanchava, Tea"]
[Result "0-1"]
[ECO "B06"]
[WhiteElo "2168"]
[BlackElo "2289"]
[PlyCount "108"]
[EventDate "2013.??.??"]
[EventCountry "POL"]
[WhiteTeam "Greece"]
[BlackTeam "Netherlands"]
[WhiteTeamCountry "GRE"]
[BlackTeamCountry "NED"]
[TimeControl "40/5400+30:1800+30"]

1. e4 g6 2. d4 Bg7 3. Nc3 d6 4. h3 Nd7 5. Nf3 a6 6. Bd3 b5 7. Ne2 e5 8. c3 Ngf6 9. O-O O-O 10. Ng3 Bb7 11. Re1 Re8 12. a4 c6 13. Be3 h6 14. Qd2 Kh7 15.
Qc2 Qc7 16. dxe5 Nxe5 17. Nxe5 dxe5 18. Rad1 c5 19. c4 b4 20. Ne2 Nd7 21. Nc1 Nf8 22. Nb3 Ne6 23. Bf1 Qc6 24. Rd5 Qc7 25.
Nxc5 Bxd5 26. cxd5 Nd4 27. Qc1 Rec8 28. Nxa6 Qa5 29. Qd2 Rxa6 30. Bxa6 Qxa6 31. Bxd4 exd4 32. e5 Qc4 33. d6 d3 34. Qe3 Qc2 35.
d7 Rd8 36. Qd4 d2 37. Rf1 Bxe5 38. Qd5 Bg7 39. b3 Qf5 40. Qxd2 Bc3 41. Qe2 Rxd7 42. Rd1 Qe6 43. Qc2 Rc7 44. Qb1 Be5 45. Re1 Qd5 46. Rd1 Qc6 47. Qd3 Qc3 48. Qd5 Kg7 49. Qe4 Rd7 50. Re1 Bd4 51. Rb1 Qd2 52.
Rf1 Rd6 53. Kh1 Re6 54. Qb1 Bxf2 0-1

[Event "ETCC Women 2013"]
[Site "Warsaw"]
[Date "2013.11.10"]
[Round "3"]
[White "Finnbogadottir, Tinna Kristin"]
[Black "De Seroux, Camille"]
[Result "1-0"]
[ECO "B00"]
[WhiteElo "1882"]
[BlackElo "2066"]
[PlyCount "57"]
[EventDate "2013.??.??"]
[EventCountry "POL"]
[WhiteTeam "Iceland"]
[BlackTeam "Switzerland"]
[WhiteTeamCountry "ISL"]
[BlackTeamCountry "SUI"]
[TimeControl "40/5400+30:1800+30"]

1. e4 d6 2. d4 g6 3. Bc4 Bg7 4. Nf3 Nf6 5. Qe2 O-O 6. h3 c6 7. O-O Qc7 8.
Bf4 Nh5 9. Bh2 e5 10. c3 Nd7 11. Na3 b5 12. Bd3 a6 13. dxe5 dxe5 14. Nc2 Nc5 15. b4 Nxd3 16. Qxd3 Be6 17. Ne3 h6 18. c4 Nf4 19. Qc2 f5 20. Rad1 bxc4 21. Nxc4 fxe4 22. Qxe4 Bd5 23. Qc2 Nxh3+ 24. gxh3 Rxf3 25. Ne3 Be6 26. Qxg6 Bxh3 27. Ng4 Bxf1 28. Bxe5 Kh8 29. Bxc7 1-0

[Event "ETCC Women 2013"]
[Site "Warsaw"]
[Date "2013.11.10"]
[Round "3"]
[White "Franciskovic, Borka"]
[Black "Tuominen, Tanja"]
[Result "1-0"]
[ECO "A08"]
[WhiteElo "2263"]
[BlackElo "2105"]
[PlyCount "75"]
[EventDate "2013.??.??"]
[EventCountry "POL"]
[WhiteTeam "Croatia"]
[BlackTeam "Finland"]
[WhiteTeamCountry "CRO"]
[BlackTeamCountry "FIN"]
[TimeControl "40/5400+30:1800+30"]

1. Nf3 d5 2. g3 c5 3. Bg2 Nc6 4. d4 cxd4 5. Nxd4 e5 6. Nxc6 bxc6 7. c4 Bb4+ 8. Nd2 Ne7 9. cxd5 Bxd2+ 10. Bxd2 cxd5 11. Bb4 Rb8 12. Qa4+ Bd7 13. Qa3 Nc6 14. Bc5 Be6 15. O-O Qd7 16. Rfd1 Rb5 17. Rac1 f5 18. e4 fxe4 19. Bxe4 Rxc5 20. Rxc5 Nd4 21. Bg2 O-O 22. Re1 e4 23. Qc3 Nf5 24. Rc7 Qd8 25. Qe5 Rf7 26. Rec1 Qf6 27. Qxf6 Rxf6 28. Rxa7 Nd4 29. Rd1 Nc6 30. Rc7 Nb4 31. a4 Nd3 32. Rd2 Ne1 33.
a5 Bh3 34. Bxe4 dxe4 35. Rd8+ Rf8 36. Rxf8+ Kxf8 37. a6 Nf3+ 38.
Kh1 1-0

[Event "ETCC Women 2013"]
[Site "Warsaw"]
[Date "2013.11.10"]
[Round "3"]
[White "Galojan, Lilit"]
[Black "Bartel, Marta"]
[Result "1-0"]
[ECO "A10"]
[WhiteElo "2301"]
[BlackElo "2308"]
[PlyCount "79"]
[EventDate "2013.??.??"]
[EventCountry "POL"]
[WhiteTeam "Armenia"]
[BlackTeam "Poland"]
[WhiteTeamCountry "ARM"]
[BlackTeamCountry "POL"]
[TimeControl "40/5400+30:1800+30"]

1. c4 g6 2. Nf3 Bg7 3. d4 d6 4. Nc3 c5 5. dxc5 Bxc3+ 6. bxc3 dxc5 7. Qxd8+ Kxd8 8. Ne5 Ke8 9. g3 Nf6 10. Bg2 Nfd7 11. Nxd7 Nxd7 12. Be3 Rb8 13. O-O-O f6 14. Rd2 Ne5 15. Bxc5 Nxc4 16. Rd4 Be6 17. Rhd1 b6 18. Re4 Kf7 19. Rxe6 Kxe6 20. Bd5+ Kf5 21. Bxe7 Rhe8 22. e4+ Kg5 23. h4+ Kh6 24. Bxf6 Ne5 25. f4 Ng4 26. Bd4 Rbd8 27. Kc2 Rf8 28. Kd3 Nf6 29. Bxf6 Rxf6 30. c4 Rff8 31. e5 Rfe8 32. Ke4 Kg7 33. g4 Kf8 34. f5 Kg7 35. f6+ Kf8 36. g5 Rd7 37. h5 gxh5 38.
Kf5 Rc8 39. e6 Rdc7 40. Re1 1-0

[Event "ETCC Women 2013"]
[Site "Warsaw"]
[Date "2013.11.10"]
[Round "3"]
[White "Goossens, Hanne"]
[Black "Daulyte, Deimante"]
[Result "0-1"]
[ECO "B01"]
[WhiteElo "2069"]
[BlackElo "2336"]
[PlyCount "78"]
[EventDate "2013.??.??"]
[EventCountry "POL"]
[WhiteTeam "Belgium"]
[BlackTeam "Lithuania"]
[WhiteTeamCountry "BEL"]
[BlackTeamCountry "LTU"]
[TimeControl "40/5400+30:1800+30"]

1. e4 d5 2. exd5 Qxd5 3. Nc3 Qa5 4. d4 Nf6 5. Nf3 Bf5 6. Bc4 e6 7. Bd2 Bb4 8. a3 Bxc3 9. Bxc3 Qb6 10. O-O Nc6 11. Qe2 O-O 12. b4 Rfd8 13.
Rfd1 Ne7 14. Bb3 Bg4 15. Qd3 Nf5 16. h3 Bxf3 17. Qxf3 Nxd4 18. Bxd4 Rxd4 19. Rxd4 Qxd4 20. Rd1 Qe4 21. Qc3 c6 22. Rd4 Qf5 23. Qd2 Rf8 24. Rd8 Nd5 25. Rxf8+ Kxf8 26. c4 Qf4 27. Qd3 Nf6 28. Bd1 Ke7 29. Bf3 e5 30. Be2 Ne4 31. Bf3 Qc1+ 32. Qd1 Qxd1+ 33. Bxd1 Nd2 34. Be2 Nb1 35. f3 Nxa3 36. Bd3 h6 37. Kf2 Kd6 38. Ke3 a5 39. b5 Kc5 0-1